 Dungeon Crawl Stone Soup version 0.24-a0-582-g4d4af813a0 (webtiles) character file.

Game seed: 4282473548393670754

218893 Esekla the Carver (level 19, -4/83 HPs)
             Began as a Vine Stalker Abyssal Knight on Aug 24, 2019.
             Was the Champion of Lugonu.
             Slain by a sea snake (7 damage)
             ... on level 1 of the Shoals on Aug 26, 2019.
             The game lasted 08:06:30 (34573 turns).

Esekla the Carver (Vine Stalker Abyssal Knight)    Turns: 34573, Time: 08:06:33

Health: -4/83      AC: 16    Str: 18    XL:     19   Next: 13%
Magic:  0/33       EV: 25    Int: 20    God:    Lugonu [******]
Gold:   1386       SH:  0    Dex: 20    Spells: 5/36 levels left

rFire    . . .     SeeInvis +   L - +9 falchion (distort)
rCold    . . .     Gourm    .   (no shield)
rNeg     + . .     Faith    .   s - +3 troll leather armour
rPois    .         Spirit   +   t - +1 helmet {Int+3}
rElec    .         Reflect  .   D - +2 cloak "Raoteq" {MR+}
rCorr    .         Harm     .   o - +2 pair of gloves
MR       +++..                  k - +2 pair of boots
Stlth    ++++......             a - amulet of the acrobat
HPRegen  1.43/turn              (no ring)
MPRegen  0.23/turn              J - ring of Lorchaweu {rN+ Int+3 Slay+5}

@: agile, corroded, studying Stealth, invisible, very slow
A: fangs 3, hooves 1, repulsion field 1, camouflage 1, see invisible, clumsy 1,
frail 1, regeneration 2, screaming 1, magic shield, antimagic bite, no potion
heal 3, rot immunity
}: 1/15 runes: gossamer
a: Depart the Abyss, Bend Space, Banish, Corrupt, Enter the Abyss, Renounce
Religion


You were on level 1 of the Shoals.
You worshipped Lugonu.
Lugonu was exalted by your worship.
You were not hungry.

You visited 5 branches of the dungeon, and saw 28 of its levels.
You visited the Abyss 3 times.
You also visited: Sewer, Ossuary and Volcano.

You collected 2847 gold pieces.
You spent 1461 gold pieces at shops.

Inventory:

Hand Weapons
 b - the +1 trident "Impslayer" {flame, rPois Int+4 Dex-3 Stlth+}
   (You found it on level 1 of the Spider Nest)

   It has been specially enchanted to burn those struck by it, causing extra
   injury to most foes and up to half again as much damage against particularly
   susceptible opponents.
   It affects your intelligence (+4).
   It affects your dexterity (-3).
   It protects you from poison.
   It makes you more stealthy.
 f - a +4 scimitar of flaming
 h - a +2 scimitar of holy wrath
 i - a +4 falchion of freezing
 u - a +4 long sword of electrocution
 w - a +4 dagger of distortion
 L - a +9 falchion of distortion (weapon)
Missiles
 e - 69 poisoned darts
 m - 3 boomerangs of dispersal
 x - 6 curare-tipped darts
 B - 25 javelins (quivered)
Armour
 k - a +2 pair of boots (worn)
 o - a +2 pair of gloves (worn)
 p - the +3 leather armour "Gighutsiss" {*Corrode +Inv rElec rC+++}
   (You found it on level 15 of the Dungeon)

   It renders you almost immune to cold.
   It insulates you from electricity.
   It lets you turn invisible.
   It may corrode you when you take damage.
 s - a +3 troll leather armour (worn)
 t - a +1 helmet of intelligence (worn)
 D - the +2 cloak "Raoteq" (worn) {MR+}
   (You found it on level 1 of the Orcish Mines)

   It affects your resistance to hostile enchantments.
Jewellery
 a - an amulet of the acrobat (around neck)
 J - the ring of Lorchaweu (right hand) {rN+ Int+3 Slay+5}
   (You found it on level 11 of the Dungeon)

   [ring of positive energy]

   It affects your intelligence (+3).
   It affects your accuracy and damage with ranged weapons and melee attacks
   (+5).
   It protects you from negative energy.
 N - a cursed +6 amulet of reflection
 P - the ring of Phasing {EV+8}
   (You found it on level 7 of the Dungeon)

   [ring of evasion]

   It affects your evasion (+8).
 X - an uncursed ring of protection from cold
 Y - the ring "Bexutuy" {MR++ Stlth+}
   (You took it off a gnoll on level 13 of the Dungeon)

   [ring of stealth]

   It affects your resistance to hostile enchantments.
   It makes you more stealthy.
Wands
 d - a wand of digging (17)
 l - a wand of flame (21)
 O - a wand of paralysis (24)
 Q - a wand of iceblast (53)
 T - a wand of polymorph (14)
 U - a wand of scattershot (4)
Scrolls
 g - 11 scrolls of teleportation
 y - 2 scrolls of holy word
 z - 2 scrolls of vulnerability
 C - 2 scrolls of silence
 E - a scroll of magic mapping
 G - 11 scrolls of identify
 M - 16 scrolls of remove curse
 R - 4 scrolls of fog
Potions
 j - 11 potions of curing
 n - 8 potions of ambrosia
 q - a potion of magic
 r - a potion of agility
 v - 3 potions of berserk rage
 A - 3 potions of might
 F - 3 potions of brilliance
 H - 4 potions of cancellation
 K - 3 potions of lignification
 S - a potion of flight
 W - 2 potions of haste
 Z - 2 potions of resistance
Books
 V - a manual of Stealth
Comestibles
 c - 12 rations


   Skills:
 + Level 7.8 Fighting
 - Level 0.9(9.8) Short Blades
 + Level 14.6 Long Blades
 + Level 4.1 Polearms
 + Level 0.6 Throwing
 + Level 5.8 Armour
 + Level 7.8 Dodging
 + Level 12.2 Stealth
 * Level 9.3 Spellcasting
 + Level 9.3 Conjurations
 + Level 9.5 Hexes
 * Level 1.5 Charms
 - Level 4.3 Translocations
 + Level 9.9 Fire Magic
 * Level 9.8 Air Magic
 + Level 9.1 Poison Magic
 + Level 7.2 Invocations
 + Level 0.6 Evocations


You had 5 spell levels left.
You knew the following spells:

 Your Spells              Type           Power        Failure   Level  Hunger
a - Apportation           Tloc           ####..       1%          1    None
b - Venom Bolt            Conj/Pois      #####.....   5%          5    #####..
c - Mephitic Cloud        Conj/Pois/Air  #####...     1%          3    None
d - Dazzling Spray        Conj/Hex       #####.       1%          3    None
e - Tukima's Dance        Hex            #####...     1%          3    None
f - Conjure Flame         Conj/Fire      #####...     1%          3    None
g - Poisonous Vapours     Pois/Air       #####.       1%          2    None
h - Deflect Missiles      Chrm/Air       ####......   77%         6    ######.
i - Silence               Hex/Air        #####.....   4%          5    #####..

Your spell library contained the following spells:

 Spells                   Type           Power        Failure   Level  Hunger
 Confusing Touch          Hex            #####.       1%          1    None
 Corona                   Hex            #####..      1%          1    None
 Flame Tongue             Conj/Fire      #####        1%          1    None
 Magic Dart               Conj           ####         1%          1    None
 Sting                    Conj/Pois      ####         1%          1    None
 Ensorcelled Hibernation  Hex/Ice        ####..       1%          2    None
 Slow                     Hex            #####...     1%          2    None
 Confuse                  Hex            #####...     1%          3    None
 Inner Flame              Hex/Fire       #####...     1%          3    None
 Cause Fear               Hex            #####.....   1%          4    ###....
 Olgreb's Toxic Radiance  Pois           #####...     1%          4    ###....
 Blink                    Tloc           N/A          2%          2    None
 Spider Form              Tmut/Pois      ####......   3%          3    None
 Gell's Gravitas          Tloc           ####......   4%          3    None
 Animate Skeleton         Necr           N/A          9%          1    None
 Beastly Appendage        Tmut           #.....       9%          1    None
 Summon Small Mammal      Summ           #...         9%          1    None
 Summon Lightning Spire   Summ/Air       ####....     11%         4    ###....
 Leda's Liquefaction      Hex/Erth       ####......   12%         4    ###....
 Call Imp                 Summ           #.......     13%         2    None
 Sticks to Snakes         Tmut           #.......     13%         2    None
 Bolt of Magma            Conj/Fire/Erth #####.....   17%         5    #####..
 Iskenderun's Battlesphe  Conj/Chrm      ####....     26%         5    #####..
 Metabolic Englaciation   Hex/Ice        ####......   32%         5    #####..
 Yara's Violent Unravell  Hex/Tmut       ####......   32%         5    #####..
 Ice Form                 Ice/Tmut       #.......     63%         4    ###....
 Petrify                  Tmut/Erth      #.......     63%         4    ###....
 Blade Hands              Tmut           #.........   93%         5    #####..
 Bolt of Fire             Conj/Fire      #####.....   26%         6    ######.
 Conjure Ball Lightning   Conj/Air       #####.....   26%         6    ######.
 Orb of Destruction       Conj           #####.....   83%         7    #######
 Iron Shot                Conj/Erth      ####......   88%         6    ######.
 Statue Form              Tmut/Erth      #........    100%        6    ######.
 Dragon Form              Tmut           #.........   100%        7    #######
 Spellforged Servitor     Conj/Summ      ####......   100%        7    #######
 Dragon's Call            Summ           #.........   100%        9    #######
 Shatter                  Erth           #.........   100%        9    #######
 Tornado                  Air            #####.....   100%        9    #######


Dungeon Overview and Level Annotations

Branches:
Dungeon (15/15)            Temple (0/1) D:4            Lair (6/6) D:9
 Shoals (1/4) Lair:2       Spider (4/4) Lair:2        Slime (0/5) Lair:6
    Orc (2/2) D:9             Elf (0/3) Orc:2        Vaults (0/5) D:14
  Sewer (visited)         Ossuary (visited)         Volcano (visited)
 Depths: D:15

Altars:
Ashenzari
Cheibriados
Gozag
Hepliaklqana
Kikubaaqudgha
Makhleb
Nemelex Xobeh
Qazlal
Ru
Trog
Xom
Beogh

Shops:
Orc:1 (   Orc:2 (*[[[

Annotations:
Lair:1 Chimkentus's ghost, journeyman OpTm
Shoals:1 1 transporter
Abyss:1 Fannar; Grum; Harold


Innate Abilities, Weirdness & Mutations

You have razor-sharp teeth.
You heal very quickly.
When hurt, damage is shared between your health and your magic reserves.
Your bite disrupts and absorbs the magic of your enemies.
Potions cannot restore your health.
You are immune to rotting.
You have large cloven feet.
You are surrounded by a mild repulsion field. (EV +2)
Your skin changes colour to match your surroundings (Stealth+).
You have supernaturally acute eyesight. (SInv)
You are clumsy. (Dex -2)
You are frail. (-10% HP)
You occasionally shout uncontrollably at your foes.


Message History

You fade into invisibility!
The sea snake completely misses you.
You riposte.
You slash the sea snake!
The sea snake is lightly wounded.
The sea snake disappears!
The sea snake completely misses you.
You riposte.
You closely miss the sea snake. You bite the sea snake. You drain its power.
You feel invigorated.
The sea snake is almost dead.
The merfolk throws a silver boomerang.
The silver boomerang hits the snapping turtle!
The weapon returns to the merfolk!
You hear a loud "Zot"!
The water nymph's watery aura covers the Zot trap.
You hear a loud "Zot"!
Splash!
You fall into the shallow water.
Moving in this stuff is going to be slow. ...and don't expect to remain undetected.
The snapping turtle bites you from afar!
* * * LOW HITPOINT WARNING * * *
The sea snake bites you!
You die... .PP≈P..#.≈# #^ #...≈≈..# ^# #≈≈≈≈ ..P≈PP...≈# #.#^#.#^#^#.# #.P≈P P≈P≈≈≈.≈..# ##..^.$≈^^^..## #≈PPP

PP.≈P..#### #.^##.#≈#.##^.# #≈≈≈≈
.......## #...^≈≈≈^^..# #≈≈≈P
≈.......### #^m##m##.^# #≈≈≈≈
P...≈.....## ##t.m≈...# ##≈≈≈≈
.≈≈≈≈≈....P## #^S≈≈.^.# ##≈≈≈≈≈
.P≈≈≈≈..P.P.## #@m(≈^..# ##≈≈≈≈≈≈
##.÷.....≈≈PP# ######### #≈≈≈≈≈≈≈
.#.÷..≈..≈≈..# ##### #≈≈≈≈≈≈≈
.÷).≈....≈≈≈≈#############≈≈≈≈≈≈≈
..P≈≈...≈≈≈≈≈≈≈≈≈..©...)≈)≈≈≈≈≈≈≈
P.P.P....≈≈≈≈≈≈≈≈......)≈≈≈≈≈≈≈≈≈
≈≈...≈≈..≈≈≈≈≈≈≈≈≈≈≈≈≈≈≈≈≈≈≈≈≈≈≈≈
≈≈...≈..≈≈≈≈≈≈≈≈≈≈≈≈≈≈≈≈≈≈≈≈≈≈≈≈≈
≈≈≈P....≈≈≈≈≈≈≈≈≈≈≈≈≈≈≈≈≈≈≈≈≈≈≈≈≈


You could see a merfolk avatar, a sea snake, a snapping turtle, 2 merfolk and a
water nymph.

Vanquished Creatures
  Kirke (Spider:1)
  Roxanne (D:14)
  4 ghost moths
  2 frost giants (D:15)
  A fire giant (D:15)
  7 emperor scorpions
  3 entropy weavers
  A vampire knight (D:13)
  The ghost of topfpfpflanze the Eclecticist, a journeyman DEFE of Sif Muna (Orc:1)
  6 dire elephants (Lair:6)
  A merfolk javelineer (Shoals:1)
  Snorg (D:11)
  2 ettins
  3 yaktaur captains (D:15)
  2 great orbs of eyes (D:15)
  An ice dragon (Lair:1)
  8 hydras
  The ghost of Sinomafy the Protected, a journeyman GnWn of Cheibriados (Spider:2)
  A catoblepas (Lair:6)
  6 ogre magi
  An anaconda (Lair:6)
  A dancing weapon (D:11)
  4 centaur warriors
  19 two-headed ogres
  3 tengu warriors
  A death knight (D:10)
  Sonja (D:10)
  2 skeletal warriors (Volcano)
  3 unseen horrors
  Pikel (D:6)
  3 orc knights
  An anaconda skeleton (Volcano)
  5 harpies (Shoals:1)
  A phantasmal warrior (D:15)
  4 deep elf magi
  2 oklob plants (Lair:1)
  An orc sorcerer (Orc:2)
  12 orb spiders
  4 manticores
  21 wolf spiders
  6 cyclopes
  4 ugly things (D:15)
  4 fauns (Shoals:1)
  A salamander (Lair:6)
  A merfolk siren (Shoals:1)
  Maurice (D:9)
  3 moths of wrath
  3 black mambas (Lair:6)
  10 elephants (Lair:6)
  3 centaur zombies (D:15)
  Joseph (D:9)
  A water nymph (shapeshifter) (D:14)
  6 gargoyles
  2 torpor snails (Spider:1)
  4 spiny frogs
  A water nymph (Shoals:1)
  2 efreet
  2 rime drakes
  4 freezing wraiths
  7 demonic crawlers
  12 komodo dragons
  2 trolls
  24 jumping spiders
  6 merfolk
  A jumping spider (shapeshifter) (D:14)
  A polar bear (Lair:5)
  3 hornets
  9 blink frogs
  3 wind drakes (Shoals:1)
  8 slime creatures
  6 dream sheep (Lair:6)
  9 hippogriffs
  A harpy skeleton (Volcano)
  2 snapping turtles
  A meliai zombie (D:14)
  A centaur simulacrum (D:15)
  Sigmund (D:5)
  5 wyverns
  2 shadows
  3 flying skulls (Volcano)
  62 redbacks
  6 wraiths
  An alligator skeleton (Volcano)
  2 water elementals (Shoals:1)
  37 yaks
  18 tarantellas
  4 hogs
  A yak (shapeshifter) (D:10)
  A hungry ghost (D:15)
  Eustachio (D:6)
  8 vampire mosquitoes
  5 basilisks
  Menkaure (Ossuary)
  11 wargs
  Edmund (D:4)
  An acid dragon (D:15)
  A soldier ant (D:8)
  15 water moccasins
  Duvessa (D:6)
  A hydra simulacrum (Lair:1)
  A floating eye (shapeshifter) (D:13)
  An ice beast (D:13)
  9 porcupines
  6 sky beasts
  23 orc warriors
  3 eyes of draining
  6 phantoms
  A slave (D:6)
  2 necrophages
  7 boggarts (D:14)
  34 ogres
  55 wolves
  18 crocodiles
  3 centaurs
  19 bullfrogs
  3 gnoll sergeants
  A wyvern zombie (D:14)
  A spiny frog simulacrum (Lair:1)
  Dowan (D:7)
  3 elf skeletons (D:6)
  A water moccasin zombie (D:10)
  A wyvern skeleton (D:13)
  A scorpion (shapeshifter) (D:14)
  5 scorpions
  27 wights
  5 killer bees (D:13)
  8 electric eels
  A bullfrog zombie (D:6)
  9 crimson imps
  A lava snake (Lair:6)
  2 quasits
  5 jellies
  11 orc priests
  5 hounds
  Crazy Yiuf (D:2)
  6 centaur skeletons
  3 bullfrog skeletons
  2 gnoll shamans
  A hippogriff simulacrum (Lair:1)
  5 iguanas
  Ijyb (D:4)
  18 orc wizards
  8 worker ants
  2 human skeletons (D:6)
  A yak simulacrum (Lair:1)
  2 naga skeletons (Volcano)
  5 hound skeletons
  3 mummies (Ossuary)
  A worker ant zombie (D:11)
  34 gnolls
  A howler monkey skeleton (D:4)
  10 adders
  A river rat (D:3)
  3 shadow imps
  8 worms
  3 dart slugs
  9 leopard geckos
  101 orcs
  4 ball pythons
  14 giant cockroaches
  3 gnoll zombies (Ossuary)
  8 goblins
  14 hobgoblins
  7 jackals
  12 kobolds
  4 quokkas
  A ball python skeleton (D:4)
  9 bats
  19 frilled lizards
  2 gnoll skeletons (Ossuary)
  4 goblin skeletons (Ossuary)
  A goblin zombie (Ossuary)
  5 hobgoblin skeletons (Ossuary)
  4 hobgoblin zombies (Ossuary)
  2 jackal zombies
  3 kobold skeletons (Ossuary)
  8 kobold zombies (Ossuary)
  2 orc skeletons
  An orc zombie (Ossuary)
  A quokka skeleton (D:4)
  7 rats
  7 rat skeletons (Ossuary)
  6 rat zombies (Ossuary)
  8 plants
1151 creatures vanquished.

Vanquished Creatures (collateral kills)
  A rime drake (Lair:1)
  A rime drake simulacrum (Lair:1)
2 creatures vanquished.

Vanquished Creatures (others)
  A ghost moth (Spider:4)
  The ghost of losten the Protected, a journeyman HOFi of Nemelex Xobeh (D:11)
  A catoblepas (D:13)
  A sixfirhy (Shoals:1)
  An ugly thing (D:11)
  A deep elf mage (D:10)
  A centaur zombie (D:11)
  A spiny frog (Lair:5)
  2 rime drakes (Lair:1)
  A freezing wraith (D:14)
  A yaktaur (D:15)
  3 trolls
  A jumping spider (Spider:4)
  2 slime creatures
  A blink frog (Lair:5)
  2 tarantellas
  A vampire (D:9)
  4 yaks
  2 humans (Spider:2)
  A vampire mosquito (D:13)
  A sky beast (D:11)
  2 slaves (D:7)
  5 wolves
  2 centaurs
  An orc wizard (D:13)
  A goblin skeleton (Ossuary)
  A goblin zombie (Ossuary)
  A hobgoblin skeleton (Ossuary)
  A hobgoblin zombie (Ossuary)
  A rat skeleton (Ossuary)
  12 fungi
  9 plants
66 creatures vanquished.

Grand Total: 1219 creatures vanquished

Notes
Turn   | Place    | Note
-------+----------+-------------------------------------------
     0 | Abyss:1  | Esekla the Vine Stalker Abyssal Knight began the quest for
                  | the Orb.
     0 | Abyss:1  | Reached XP level 1. HP: 11/11 MP: 3/3
    12 | Abyss:1  | Found a corrupted altar of Lugonu.
    45 | Abyss:1  | Noticed a large abomination
    62 | D:1      | Escaped the Abyss
   135 | D:1      | Reached skill level 2 in Long Blades
   328 | D:1      | Reached XP level 2. HP: 5/16 MP: 4/4
   548 | D:1      | Reached XP level 3. HP: 17/20 MP: 5/5
   595 | D:1      | Reached ** piety under Lugonu
  1097 | D:2      | Gained mutation: Your natural rate of healing is unusually
                  | fast. [Vine Stalker growth]
  1097 | D:2      | Reached XP level 4. HP: 21/24 MP: 6/6
  1258 | D:2      | Reached skill level 1 in Dodging
  1612 | D:2      | Reached skill level 3 in Long Blades
  1960 | D:2      | Found a runed translucent door.
  1961 | D:2      | Noticed Crazy Yiuf
  2051 | D:2      | Killed Crazy Yiuf
  2051 | D:2      | Reached XP level 5. HP: 19/29 MP: 3/7
  2169 | D:3      | Found a glowing drain.
  2231 | Sewer    | Entered a sewer
  2248 | Sewer    | Reached *** piety under Lugonu
  2360 | Sewer    | Reached skill level 1 in Stealth
  2471 | Sewer    | Found the +6 Majin-Bo {vamp, Archmagi MP+6 Int+6}
  2502 | Sewer    | Reached skill level 4 in Long Blades
  2502 | Sewer    | Reached XP level 6. HP: 30/33 MP: 8/8
  2952 | D:3      | Found a snail-covered altar of Cheibriados.
  3300 | D:3      | Reached **** piety under Lugonu
  3392 | D:4      | Found a staircase to the Ecumenical Temple.
  3404 | D:4      | Reached XP level 7. HP: 37/37 MP: 9/9
  3461 | D:4      | Reached skill level 5 in Long Blades
  3828 | D:4      | Found a shattered altar of Ashenzari.
  3862 | D:4      | Upgraded the game from 0.24-a0-581-gc0fa6600bf to
                  | 0.24-a0-582-g4d4af813a0
  3923 | D:4      | Noticed Ijyb
  3926 | D:4      | Paralysed by Ijyb for 7 turns
  3937 | D:4      | Killed Ijyb
  3998 | D:5      | Entered Level 5 of the Dungeon
  3998 | D:5      | Noticed Edmund
  4013 | D:4      | Learned a level 1 spell: Apportation
  4017 | D:4      | Learned a level 3 spell: Conjure Flame
  4203 | D:4      | Killed Edmund
  4273 | D:5      | Noticed Sigmund
  4329 | D:5      | Killed Sigmund
  4329 | D:5      | Reached skill level 1 in Conjurations
  4329 | D:5      | Gained mutation: You have razor-sharp teeth. [Vine Stalker
                  | growth]
  4329 | D:5      | Reached XP level 8. HP: 41/42 MP: 10/10
  4382 | D:5      | Reached skill level 6 in Long Blades
  4482 | D:5      | Reached skill level 1 in Spellcasting
  4529 | D:5      | Reached skill level 1 in Translocations
  4529 | D:5      | Reached skill level 1 in Fire Magic
  4674 | D:5      | Learned a level 1 spell: Corona
  4678 | D:5      | Learned a level 3 spell: Mephitic Cloud
  4719 | D:5      | Found a hazy altar of Hepliaklqana.
  5243 | D:5      | Found an opulent altar of Gozag.
  5541 | D:6      | Found a sand-covered staircase.
  5555 | D:6      | Reached skill level 5 in Fighting
  5555 | D:6      | Reached skill level 1 in Hexes
  5589 | Ossuary  | Entered an ossuary
  5748 | Ossuary  | Reached ***** piety under Lugonu
  5878 | Ossuary  | Noticed Menkaure
  5918 | Ossuary  | Killed Menkaure
  5918 | Ossuary  | Reached skill level 1 in Air Magic
  5945 | Ossuary  | Reached XP level 9. HP: 35/47 MP: 13/13
  6083 | Ossuary  | Learned a level 3 spell: Tukima's Dance
  6219 | D:6      | Noticed Duvessa
  6220 | D:6      | Noticed Dowan
  6233 | D:6      | Cast into level 1 of the Abyss (Dowan)
  6238 | Abyss:1  | Found a corrupted altar of Lugonu.
  6266 | Abyss:1  | Noticed a wretched star
  6270 | Abyss:1  | Found a corrupted altar of Lugonu.
  6287 | D:6      | Escaped the Abyss
  6372 | D:6      | Reached skill level 7 in Long Blades
  6372 | D:6      | Reached skill level 1 in Poison Magic
  6552 | D:6      | Killed Duvessa
  6647 | D:6      | Noticed Eustachio
  6717 | D:6      | Killed Eustachio
  7202 | D:7      | Noticed Pikel
  7239 | D:6      | Killed Pikel
  7305 | D:7      | Killed Dowan
  7427 | D:7      | Reached XP level 10. HP: 51/51 MP: 15/15
  7432 | D:7      | Learned a level 3 spell: Dazzling Spray
  7672 | D:7      | Found the ring of Phasing {EV+8}
  8275 | D:7      | Reached skill level 8 in Long Blades
  9285 | D:9      | Found a staircase to the Lair.
  9321 | D:9      | Noticed Maurice
  9332 | D:9      | Noticed Joseph
  9338 | D:9      | Killed Maurice
  9356 | D:9      | Killed Joseph
  9427 | D:9      | Found a burning altar of Makhleb.
  9549 | D:9      | Found a sparkling altar of Nemelex Xobeh.
  9553 | D:9      | Found a bloodstained altar of Trog.
  9639 | D:9      | Found a staircase to the Orcish Mines.
  9693 | D:9      | Reached skill level 9 in Long Blades
  9994 | Lair:1   | Entered Level 1 of the Lair of Beasts
  9994 | Lair:1   | Noticed a spiny frog
 10007 | D:9      | Killed a spiny frog
 10070 | D:9      | Reached ****** piety under Lugonu
 10070 | D:9      | Reached XP level 11. HP: 51/56 MP: 17/17
 10110 | Lair:1   | Found a runed translucent gate.
 10111 | Lair:1   | Found a runed translucent gate.
 10112 | Lair:1   | Found a runed translucent gate.
 10131 | Lair:1   | Identified a +6 falchion of distortion (a +4 falchion
                  | corrupted by Lugonu)
 10131 | Lair:1   | Received a gift from Lugonu
 10240 | D:9      | Noticed Grum
 10259 | D:9      | Banished Grum
 10512 | D:10     | Entered Level 10 of the Dungeon
 10517 | D:10     | Noticed a death knight
 10634 | D:9      | Learned a level 2 spell: Poisonous Vapours
 10743 | D:10     | Noticed Sonja
 10745 | D:10     | Noticed a deep elf mage
 10821 | D:10     | Cast into level 2 of the Abyss (Sonja)
 10892 | Abyss:2  | Noticed a tentacled starspawn
 10893 | Abyss:2  | Noticed a wretched star
 10893 | Abyss:2  | Noticed a large abomination
 10895 | D:10     | Escaped the Abyss
 10904 | D:10     | Banished a deep elf mage
 10924 | D:10     | Killed Sonja
 11088 | D:10     | Got a crude trident
 11089 | D:10     | Identified the cursed +1 trident of Forgiveness {protect,
                  | rN+ Dex+2} (You found it on level 10 of the Dungeon)
 11126 | D:10     | Noticed a frost giant
 11126 | D:10     | Noticed a sphinx
 11126 | D:10     | a frost giant changed into a sphinx
 11877 | D:10     | Killed a death knight
 11877 | D:10     | Reached skill level 10 in Long Blades
 12212 | D:11     | Noticed a cyclops
 12222 | D:11     | Killed a cyclops
 12227 | D:11     | Found a runed translucent door.
 12229 | D:11     | Found a shimmering altar of Xom.
 12229 | D:11     | Noticed losten's ghost (journeyman HOFi)
 12290 | D:11     | Noticed a +0 rapier of chaos
 12630 | D:11     | Reached skill level 5 in Conjurations
 12638 | D:11     | Noticed Harold
 12778 | D:11     | Gained mutation: You heal very quickly. [Vine Stalker
                  | growth]
 12778 | D:11     | Reached XP level 12. HP: 55/60 MP: 17/19
 12780 | D:11     | Noticed an ogre mage
 12793 | D:11     | Noticed a two-headed ogre
 12796 | D:11     | Killed an ogre mage
 12796 | D:11     | Reached skill level 5 in Air Magic
 12807 | D:11     | Killed a two-headed ogre
 12900 | D:11     | Noticed Fannar
 13103 | D:11     | Reached skill level 11 in Long Blades
 13103 | D:11     | Reached skill level 5 in Fire Magic
 13379 | D:11     | Banished Fannar
 13379 | D:11     | Reached skill level 5 in Spellcasting
 13476 | D:11     | Noticed Snorg
 13488 | D:11     | Killed Snorg
 13498 | D:11     | Banished Harold
 13840 | D:11     | Gained mutation: Your spells are a little harder to cast,
                  | but a little more powerful. [potion of mutation]
 13840 | D:11     | Gained mutation: Your mind is acute. (Int +2) [potion of
                  | mutation]
 13841 | D:11     | Lost mutation: Your mind is acute. (Int +2) [potion of
                  | mutation]
 13841 | D:11     | Lost mutation: Your spells are a little harder to cast, but
                  | a little more powerful. [potion of mutation]
 13841 | D:11     | Gained mutation: You tend to lose your temper in combat.
                  | [potion of mutation]
 13841 | D:11     | Gained mutation: You have supernaturally acute eyesight.
                  | (SInv) [potion of mutation]
 13841 | D:11     | Gained mutation: You are agile. (Dex +2) [potion of
                  | mutation]
 13842 | D:11     | Lost mutation: You are agile. (Dex +2) [potion of mutation]
 13842 | D:11     | Lost mutation: You tend to lose your temper in combat.
                  | [potion of mutation]
 13842 | D:11     | Gained mutation: You have large cloven feet. [potion of
                  | mutation]
 13842 | D:11     | Gained mutation: You are surrounded by a mild repulsion
                  | field. (EV +2) [potion of mutation]
 13842 | D:11     | Gained mutation: Your skin changes colour to match your
                  | surroundings (Stealth+). [potion of mutation]
 13856 | D:11     | Killed a +0 rapier of chaos
 13856 | D:11     | Reached skill level 5 in Hexes
 13883 | D:11     | Got a transparent copper ring
 13931 | D:11     | Identified the ring of Lorchaweu {rN+ Int+3 Slay+5} (You
                  | found it on level 11 of the Dungeon)
 13979 | D:11     | Banished losten's ghost
 13979 | D:11     | Reached skill level 5 in Poison Magic
 14462 | D:13     | Noticed a catoblepas
 14495 | D:13     | Noticed an ettin
 14496 | D:13     | Noticed a centaur warrior
 14498 | D:13     | Noticed a two-headed ogre
 14499 | D:13     | a two-headed ogre changed into a manticore
 14628 | D:12     | You fall into a shaft and drop 1 floor!
 14628 | D:13     | Noticed a vampire knight
 14628 | D:13     | Noticed a great orb of eyes
 14628 | D:13     | a queen ant changed into a great orb of eyes
 14630 | D:13     | Noticed an ettin
 14630 | D:13     | a great orb of eyes changed into an ettin
 14634 | D:13     | Noticed a spark wasp
 14634 | D:13     | an ettin changed into a spark wasp
 14639 | D:13     | Noticed an ettin
 14642 | D:13     | Noticed a satyr
 14642 | D:13     | a spark wasp changed into a satyr
 14645 | D:13     | a satyr changed into a wolf spider
 14662 | D:13     | Killed a vampire knight
 14662 | D:13     | Reached XP level 13. HP: 45/63 MP: 18/22
 14833 | D:13     | Reached skill level 12 in Long Blades
 15003 | D:13     | Identified the ring "Bexutuy" {MR++ Stlth+}
 15641 | D:13     | Killed an ettin
 15882 | D:13     | Found a roughly hewn altar of Beogh.
 16155 | Lair:1   | Noticed Chimkentus's ghost (journeyman OpTm)
 16155 | Lair:1   | Noticed an ice dragon
 16209 | Lair:1   | Reached skill level 5 in Invocations
 16367 | Lair:1   | Found a stormy altar of Qazlal.
 16571 | Lair:1   | Got a vibrating bronze ring
 16575 | Lair:1   | Identified the ring of Yhumur {*Drain Int+7 Dex+5 Stlth-}
                  | (You found it on level 1 of the Lair of Beasts)
 17906 | Lair:2   | Reached skill level 5 in Dodging
 18159 | Lair:2   | Found a hole to the Spider Nest.
 18447 | Lair:2   | Found a staircase to the Shoals.
 18640 | Lair:1   | Killed an ice dragon
 18640 | Lair:1   | Reached XP level 14. HP: 61/68 MP: 24/24
 18736 | Lair:1   | Got the ring "Jouledgh" {Fire}
 18757 | Lair:1   | Identified the ring "Jouledgh" {Fire +Blink Dex+4 Slay-3}
                  | (You found it on level 1 of the Lair of Beasts)
 19487 | Lair:3   | Identified a scroll of acquirement
 19592 | Lair:3   | Reached skill level 13 in Long Blades
 21552 | Lair:6   | Entered Level 6 of the Lair of Beasts
 21795 | Lair:6   | Found a dark tunnel.
 21804 | Volcano  | Entered a volcano
 22548 | Lair:6   | Found a staircase to the Slime Pits.
 22607 | Lair:6   | Reached skill level 5 in Armour
 22706 | Lair:6   | Reached XP level 15. HP: 56/72 MP: 26/26
 23931 | Lair:6   | Reached skill level 5 in Stealth
 24522 | Orc:1    | Entered Level 1 of the Orcish Mines
 24597 | Orc:1    | Found a transporter.
 24805 | Orc:1    | Noticed topfpfpflanze's ghost (journeyman DEFE)
 24811 | Orc:1    | Found a transporter.
 24833 | Orc:1    | Found Laasil's Weapon Boutique.
 24989 | Orc:1    | Reached skill level 14 in Long Blades
 25017 | Orc:1    | Killed topfpfpflanze's ghost
 25028 | Orc:1    | Got a heavily runed cloak
 25039 | Orc:1    | Identified the +2 cloak "Raoteq" {MR+} (You found it on
                  | level 1 of the Orcish Mines)
 25241 | Orc:2    | Entered Level 2 of the Orcish Mines
 25241 | Orc:2    | Found Axky's Antique Armour Shoppe.
 25311 | Orc:2    | Found a staircase to the Elven Halls.
 25359 | Orc:2    | Found a bloodstained altar of Trog.
 25444 | Orc:2    | Bought a glowing helmet for 247 gold pieces
 25502 | Orc:2    | Paralysed by an ogre mage for 4 turns
 25905 | Orc:2    | Found Hobris Uniem's Armour Shop.
 25905 | Orc:2    | Found Beagus's Armour Emporium.
 25908 | Orc:2    | Reached XP level 16. HP: 77/77 MP: 28/28
 25911 | Orc:2    | Found Zantul's Antique Weapon Boutique.
 25911 | Orc:2    | Found Fuvaale's General Store.
 26544 | Orc:1    | You fall into a shaft and drop 1 floor!
 26627 | Orc:2    | Bought a manual of Stealth for 1214 gold pieces
 26633 | Orc:2    | Learned a level 5 spell: Venom Bolt
 26706 | Lair:1   | Learned a level 5 spell: Silence
 27131 | D:14     | Found a gate to the Vaults.
 27161 | D:14     | Identified the Papyrus of Saltpetre
 27246 | D:14     | Reached skill level 1 in Polearms
 27250 | D:14     | Found an ancient bone altar of Kikubaaqudgha.
 27558 | D:14     | Noticed Roxanne
 28003 | D:14     | Killed Roxanne
 28033 | D:15     | Entered Level 15 of the Dungeon
 28281 | D:15     | Found a burning altar of Makhleb.
 28282 | D:15     | Found an opulent altar of Gozag.
 28282 | D:15     | Found a sacrificial altar of Ru.
 28428 | D:15     | Got an ivory hunting sling
 28429 | D:15     | Identified the cursed +1 hunting sling of the Tooth
                  | {freeze, Int+5 Stlth-} (You found it on level 15 of the
                  | Dungeon)
 28989 | D:15     | Reached XP level 17. HP: 41/83 MP: 15/30
 29106 | D:15     | Noticed a quicksilver dragon
 29113 | D:15     | Got a pitted leather armour
 29117 | D:15     | Noticed a caustic shrike
 29130 | D:14     | Identified the +3 leather armour "Gighutsiss" {*Corrode
                  | +Inv rElec rC+++} (You found it on level 15 of the Dungeon)
 29273 | Spider:1 | Entered Level 1 of the Spider Nest
 29362 | Spider:1 | Got a faintly glowing trident
 29363 | Spider:1 | Identified the cursed +1 trident "Impslayer" {flame, rPois
                  | Int+4 Dex-3 Stlth+} (You found it on level 1 of the Spider
                  | Nest)
 29393 | Spider:1 | Reached XP level 18. HP: 63/88 MP: 21/31
 30334 | Spider:2 | Noticed Kirke
 30366 | Spider:1 | Killed Kirke
 30721 | Spider:2 | Found a runed translucent door.
 30721 | Spider:2 | Noticed Sinomafy's ghost (journeyman GnWn)
 30726 | Spider:2 | Reached skill level 10 in Stealth
 31002 | Spider:2 | Killed Sinomafy's ghost
 31760 | Spider:4 | Entered Level 4 of the Spider Nest
 33272 | Spider:4 | Reached XP level 19. HP: 90/93 MP: 26/33
 33291 | Spider:4 | Got a gossamer rune of Zot
 33310 | Spider:4 | Learned a level 6 spell: Deflect Missiles
 33416 | Shoals:1 | Entered Level 1 of the Shoals
 33561 | Lair:2   | Gained mutation: You are frail. (-10% HP) [mutagenic glow]
 33605 | Lair:2   | Gained mutation: You occasionally shout uncontrollably at
                  | your foes. [mutagenic glow]
 33659 | Lair:2   | Gained mutation: You are clumsy. (Dex -2) [mutagenic glow]
 33885 | Shoals:1 | Found a transporter.
 34037 | Shoals:1 | Reached skill level 1 in Charms
 34387 | Shoals:1 | Found a transporter.
 34573 | Shoals:1 | HP: 3/83 [snapping turtle (11)]
 34573 | Shoals:1 | Slain by a sea snake

Levels and vault maps discovered:
D:1:      dpeg_arrival_rhombus, layout_loops_ring, minmay_pentomino_x4
D:2:      layout_loops_corners, roderic_roman_lattice, uniq_crazy_yiuf_cottage
D:3:      layout_loops_ring, cheibriados_altar_1, first_ration,
          portal_sewer_entry_a
D:4:      layout_basic, lemuel_coloured_pillars_altar, minmay_temple_entry_grid,
          uniq_ijyb
D:5:      layout_layer_cave, lemuel_round_altar, basic_altar, nrook_campfire,
          minmay_lizard_king, uniq_sigmund, uniq_edmund
D:6:      layout_rooms, nicolae_ossuary_entry_catacombs, minivault_11,
          uniq_duvessa, uniq_eustachio
D:7:      kennysheep_housing_project, layout_basic, uniq_pikel
D:8:      kennysheep_big_flooded_room, layout_loops_ring
D:9:      layout_irregular_city, bloody_makhleb, grunt_temple_overflow_open,
          dpeg_oklobed_lair, hiddenorc2_lemuel, uniq_grum, uniq_joseph,
          uniq_maurice
D:10:     layout_basic, kennysheep_island_fort, uniq_sonja
D:11:     layout_long_grid, ebering_ghost_xom, hangedman_fish_farm,
          minmay_fractal_squares_gapless_7, uniq_harold, uniq_snorg, uniq_fannar
D:12:     layout_basic
D:13:     layout_loops_ring, special_room [special_room_orc],
          minmay_diamond_spiral
D:14:     layout_basic, david_vaults_2, minmay_misc_feat_encased, basic_altar,
          bh_walls_and_bars, uniq_roxanne
D:15:     hangedman_slaughterboxes
Lair:1:   layout_chaotic_city, gammafunk_ghost_icy, basic_altar,
          grunt_megastairs_5, minmay_lair_oklob_chamber
Lair:2:   layout_layer_cave, minmay_shoals_entry_hut,
          nicolae_spider_entry_tight_spaces, nicolae_lair_grove_arrangements,
          beast_lair_carwin_8
Lair:3:   layout_regular_city, cheibrodos_lair_caveside_slide, st_stairs_10,
          grunt_megastairs_3, serial_bayou_shore_a, infiniplex_staircase_pool_2
Lair:4:   layout_roguey, grunt_megastairs_2, serial_bayou_shore_b
Lair:5:   layout_gridlike, serial_bayou, serial_bayou_pond_d,
          serial_bayou_shore_b, serial_bayou_pond_c, serial_bayou_pond_d,
          serial_bayou_pond_a, serial_bayou_pond_b,
          grunt_forest_large_clearings, lemuel_fruit_fields
Lair:6:   due_jungle_book, layout_gridlike, slime_dummy,
          nicolae_volcano_entry_hallway, st_stairs_10
Shoals:1: gammafunk_its_a_trap, layout_shoals
Spider:1: layout_spider_delve
Spider:2: layout_spider_delve, gammafunk_ghost_grave, uniq_kirke
Spider:3: layout_spider_delve, drop_trap
Spider:4: grunt_spider_rune_circles
Orc:1:    layout_caves, gammafunk_ghost_berserking_beasts, serial_shops, shop
Orc:2:    st_orc_ogre_mass, layout_caves, serial_shops, nicolae_shop_waterfront,
          bloody_trog

Skill      XL: |  1  2  3  4  5  6  7  8  9 10 11 12 13 14 15 16 17 18 19 |
---------------+----------------------------------------------------------+-----
Long Blades    | 2 3 4 5 6 7 9 10 11 12 13 14 | 14.6
Fighting       | 3 4 5 6 7 |  7.8
Invocations    | 2 3 4 5 7 |  7.2
Dodging        | 1 2 3 4 5 6 7 |  7.8
Stealth        | 1 2 4 5 8 9 12 | 12.2
Armour         | 2 3 4 5 |  5.8
Conjurations   | 1 2 3 4 5 6 7 8 9 |  9.3
Spellcasting   | 2 3 4 5 6 7 8 9 |  9.3
Translocations | 1 3 4 |  4.3
Fire Magic     | 1 2 3 4 5 6 7 9 |  9.9
Hexes          | 1 2 3 4 5 6 7 8 9 |  9.5
Air Magic      | 1 3 4 5 6 7 8 9 |  9.8
Poison Magic   | 2 3 4 5 6 7 8 9 |  9.1
Polearms       | 1 4 |  4.1
Charms         | 1 |  1.5
Short Blades   | |  0.9
Throwing       | |  0.6
Evocations     | |  0.6

Action                   |  1- 3 |  4- 6 |  7- 9 | 10-12 | 13-15 | 16-18 | 19-21 || total
-------------------------+-------+-------+-------+-------+-------+-------+-------++-------
Melee: Falchion          |   103 |   257 |   480 |   706 |  1114 |   386 |     4 ||  3050
       Bite              |    28 |    81 |   168 |   305 |   553 |   507 |    35 ||  1677
       Dagger            |       |     8 |    24 |    10 |    19 |    25 |     3 ||    89
       Trident           |       |       |       |       |    57 |     7 |       ||    64
       Scimitar          |       |       |       |       |     4 |   654 |    81 ||   739
Throw: Dart              |       |       |    27 |    34 |    32 |     7 |       ||   100
       Boomerang         |       |       |    12 |       |     3 |       |       ||    15
       Javelin           |       |       |     7 |    20 |     2 |     5 |       ||    34
 Cast: Apportation       |       |       |     1 |       |       |     1 |       ||     2
       Mephitic Cloud    |       |       |     6 |    14 |    10 |     7 |       ||    37
       Corona            |       |       |     4 |    12 |       |       |       ||    16
       Dazzling Spray    |       |       |       |     6 |    19 |    19 |       ||    44
       Conjure Flame     |       |       |       |       |    12 |     1 |       ||    13
       Poisonous Vapours |       |       |       |       |     2 |     7 |     5 ||    14
       Tukima's Dance    |       |       |       |       |     2 |       |       ||     2
Invok: Bend Space        |       |       |     5 |     1 |     3 |     1 |       ||    10
       Depart the Abyss  |       |       |     1 |     1 |       |       |       ||     2
       Brand Weapon With |       |       |       |     1 |       |       |       ||     1
Evoke: Wand              |       |       |       |       |     3 |       |       ||     3
  Use: Scroll            |       |     7 |    12 |    15 |    13 |     8 |     2 ||    57
       Potion            |       |       |     2 |     5 |     2 |     6 |     3 ||    18
 Stab: Sleeping          |       |     2 |     5 |     5 |    19 |    25 |     4 ||    60
       Confused          |       |       |     3 |    14 |    10 |     6 |       ||    33
       Distracted        |       |       |     1 |     1 |     4 |     4 |     1 ||    11
       Invisible         |       |       |       |     8 |    14 |     9 |       ||    31
       Petrified         |       |       |       |       |     4 |       |       ||     4
       Petrifying        |       |       |       |       |     1 |       |       ||     1
       Held in net/web   |       |       |       |       |       |     1 |       ||     1
  Eat: Ration            |     1 |     2 |     4 |     8 |    11 |     7 |     2 ||    35
       Chunk             |       |       |       |       |     1 |       |       ||     1
Armor: Leather armour    |    36 |   101 |   184 |   116 |     2 |       |       ||   439
       Skin              |       |       |    14 |       |       |    13 |       ||    27
       Troll leather arm |       |       |       |    24 |   195 |   282 |    24 ||   525
Dodge: Dodged            |    49 |   159 |   224 |   636 |  1008 |  1188 |    81 ||  3345
       Rpst.: Falchion   |    14 |    45 |    56 |   176 |   269 |    73 |     5 ||   638
       Scimitar          |       |       |       |       |       |   153 |    16 ||   169

Table legend:
 A = Non-vault XP
 B = Vault XP
 C = Vault XP percentage of total XP
 D = Non-vault monster count
 E = Vault monster count
 F = Vault count percentage of total count
                 A         B        C        D         E       F
            +---------+---------+-------+---------+---------+-------
      Total |  133732 |  131892 |  49.7 |     704 |     472 |  40.1
            +---------+---------+-------+---------+---------+-------
        D:1 |      37 |      19 |  33.9 |      22 |       3 |  12.0
        D:2 |      69 |      41 |  37.3 |      27 |       1 |   3.6
        D:3 |     142 |      18 |  11.2 |      27 |       5 |  15.6
        D:4 |     339 |     197 |  36.8 |      14 |       2 |  12.5
        D:5 |     528 |     280 |  34.7 |      14 |      10 |  41.7
        D:6 |     897 |    1270 |  58.6 |      26 |       9 |  25.7
        D:7 |     378 |     806 |  68.1 |       8 |      30 |  78.9
        D:8 |     692 |     355 |  33.9 |      10 |       4 |  28.6
        D:9 |    2508 |    1889 |  43.0 |      37 |      37 |  50.0
       D:10 |    4248 |    1590 |  27.2 |      32 |       5 |  13.5
       D:11 |    3089 |    9309 |  75.1 |      27 |      16 |  37.2
       D:12 |    1460 |    1142 |  43.9 |      12 |       1 |   7.7
       D:13 |    9000 |    3627 |  28.7 |      61 |      29 |  32.2
       D:14 |   10934 |    2619 |  19.3 |      48 |       4 |   7.7
       D:15 |       0 |   31390 | 100.0 |       0 |      59 | 100.0
     Lair:1 |    3360 |    4045 |  54.6 |      17 |      14 |  45.2
     Lair:2 |    2089 |    3258 |  60.9 |      12 |      17 |  58.6
     Lair:3 |    2973 |    1225 |  29.2 |      19 |       5 |  20.8
     Lair:4 |    3621 |       0 |   0.0 |      22 |       0 |   0.0
     Lair:5 |    6382 |    5984 |  48.4 |      24 |      35 |  59.3
     Lair:6 |   23146 |    2903 |  11.1 |      57 |       6 |   9.5
   Shoals:1 |   10762 |       0 |   0.0 |      24 |       0 |   0.0
   Spider:1 |   14933 |    2423 |  14.0 |      45 |       3 |   6.2
   Spider:2 |   13359 |    1348 |   9.2 |      34 |       3 |   8.1
   Spider:3 |   10412 |    1642 |  13.6 |      22 |       1 |   4.3
   Spider:4 |    3343 |   26356 |  88.7 |      11 |      45 |  80.4
      Orc:1 |    3022 |    8777 |  74.4 |      40 |      22 |  35.5
      Orc:2 |    2009 |   14469 |  87.8 |      12 |      27 |  69.2
      Sewer |       0 |     248 | 100.0 |       0 |      21 | 100.0
    Ossuary |       0 |     270 | 100.0 |       0 |      45 | 100.0
    Volcano |       0 |    4392 | 100.0 |       0 |      13 | 100.0
            +---------+---------+-------+---------+---------+-------
